 Dungeon Crawl Stone Soup version 0.17-a0-1115-g0372368 (webtiles) character file.

0 MonkeyBuisness the Conjurer (level 1, 0/14 HPs)
             Began as a Minotaur Conjurer on May 23, 2015.
             Slain by a giant newt (2 damage)
             ... on level 1 of the Dungeon.
             The game lasted 00:00:46 (75 turns).

MonkeyBuisness the Conjurer (Minotaur Conjurer)       Turns: 75, Time: 00:00:46

Health: 0/14       AC:  2    Str: 12    XL:     1   Next: 8%
Magic:  1/1        EV: 12    Int: 12    God:
Gold:   0          SH:  0    Dex: 10    Spells: 1 memorised, 1 level left

rFire  . . .     SeeInvis .     (no weapon)
rCold  . . .     Clarity  .     a - +0 robe
rNeg   . . .     SustAt   .     (no shield)
rPois  .         Gourm    .     (helmet restricted)
rElec  .         Spirit   .     (no cloak)
rCorr  .         Warding  .     (no gloves)
rMut   .         Stasis   .     (no boots)
MR     .....                    (no amulet)
Stlth  +.........               (no ring)
                                (no ring)

@: not resistant to hostile enchantments, very unstealthy
A: retaliatory headbutt, horns 2
a: no special abilities


You were on level 1 of the Dungeon.
You were not hungry.

You visited 1 branch of the dungeon, and saw 1 of its levels.

Inventory:

Armour
 a - a +0 robe (worn)
Potions
 d - a potion of curing {unknown}
Books
 b - a book of Conjurations
Comestibles
 c - a bread ration {@e1}


   Skills:
 + Level 2.1 Dodging
 + Level 1.6 Stealth
 + Level 1.3 Spellcasting
 + Level 2.9 Conjurations


You had one spell level left.
You knew the following spells:

 Your Spells              Type           Power        Failure   Level  Hunger
a - Magic Dart            Conj           #...         12%         1    ##.....


Dungeon Overview and Level Annotations

Branches:
Dungeon (1/15)

Altars:


Innate Abilities, Weirdness & Mutations

You reflexively headbutt those who attack you in melee.
You have a pair of horns on your head.


Message History

Welcome, MonkeyBuisness the Minotaur Conjurer.
It is said that the Orb of Zot exists deep within this dungeon, but nobody has ever found it.
Found a staircase leading out of the dungeon.
Sorry, you're not good enough to have a special ability.
You open the door.
There is an open door here.
As you open the door, it creaks loudly!
You open the door.
There is an open door here.
You see here 20 stones.
d - a black potion Unknown command.
There is an open door here.
You open the door.
A rat comes into view.
You close the door.
There is an open door here.
A giant newt comes into view.
You miss the giant newt. You headbutt the giant newt.
You kill the giant newt!
You open the door.
There is an open door here.
Unknown command.
There is an open door here.
As you open the door, it creaks loudly!
You hear a shout!
The rat bites you.
You take 1 damage, and have 13/14 hp.
The rat bites you.
You take 2 damage, and have 11/14 hp.
The rat barely misses you. The rat bites you.
A hobgoblin comes into view. It is wielding a club.
You take 2 damage, and have 9/14 hp.
The rat bites you.
A giant newt comes into view.
You take 1 damage, and have 8/14 hp.
The rat closely misses you. The rat bites you.
You take 1 damage, and have 7/14 hp.
The rat bites you.
You take 2 damage, and have 5/14 hp.
The rat closely misses you.
The giant newt hisses menacingly.
The rat closely misses you.
The hobgoblin hits you but does no damage.
The rat bites you.
* * * LOW HITPOINT WARNING * * *
The giant newt bites you but does no damage.
The hobgoblin closely misses you.
You take 2 damage, and have 3/14 hp.
The rat bites you.
* * * LOW HITPOINT WARNING * * *
The giant newt bites you.
You die...

..... ... ... ##### #.#
#####
###...####'####...###
##........#.##.......##
#.........#.#.........#
#.........grl.........#
#.....(...#@#.........#
##.......##.##.......##
###....###'####...###
#+#####...#####'#
##.......###.#
#.........#...
+....<....+...#
#.........#...#
##.......###..#


You could see a hobgoblin, a giant newt and a rat.

Vanquished Creatures
  A giant newt (D:1)
1 creature vanquished.

Notes
Turn   | Place    | Note
--------------------------------------------------------------
     0 | D:1      | MonkeyBuisness the Minotaur Conjurer began the quest for the Orb.
     0 | D:1      | Reached XP level 1. HP: 14/14 MP: 1/1
    74 | D:1      | HP: 3/14 [rat (2)]
    75 | D:1      | Slain by a giant newt

Vault maps used:
D:1:      dpeg_arrival_three_smaller_balls

Action                   || total
-------------------------++-------
Melee: Unarmed           ||     1

Vault maps used:
D:1:      dpeg_arrival_three_smaller_balls

Table legend:
 A = Turns spent in this place as a percentage of turns spent in the entire game.
 B = Non-inter-level travel turns spent in this place as a percentage of non-inter-level travel turns spent in the entire game.
 C = Inter-level travel turns spent in this place as a percentage of turns spent in this place.
 D = Turns resting spent in this place as a percentage of non-inter-level travel turns spent in this place.
 E = Turns spent auto-exploring this place as a percentage of non-inter-level travel turns spent in this place.
 F = Non-inter-level travel turns spent in this place divided by the number of levels of this place that you've seen.
                   A       B       C       D       E      F
               +-------+-------+-------+-------+-------+----------------------
         Total | 100.0 | 100.0 |   0.0 |   0.0 |   0.0 |  79.0
       Dungeon | 100.0 | 100.0 |   0.0 |   0.0 |   0.0 |  79.0
               +-------+-------+-------+-------+-------+----------------------

Table legend:
 A = Kills in this place as a percentage of kills in entire the game.
 B = Kills by you in this place as a percentage of kills by you in the entire game.
 C = Kills by friends in this place as a percentage of kills by friends in the entire game.
 D = Other kills in this place as a percentage of other kills in the entire game.
 E = Experience gained in this place as a percentage of experience gained in the entire game.
 F = Experience gained in this place divided by the number of levels of this place that you have seen.
                   A       B       C       D       E      F
               +-------+-------+-------+-------+-------+----------------------
         Total | 100.0 | 100.0 |  -nan |  -nan | 100.0 |   1.0
       Dungeon | 100.0 | 100.0 |  -nan |  -nan | 100.0 |   1.0
               +-------+-------+-------+-------+-------+----------------------
